[ AOE2 MATCH · #507094918 ]
UnrankedIncas vs Muisca
Player's team · LOSS
Rival team · WIN
[ REPLAY ANALYSIS · EXTRACTED FROM THE RECORDED GAME ]
Feudal
8:24
Castle
20:26
Imperial
—
| APM avg | 37.0 |
| APM peak | 77 |
| eAPM avg | 16.8 |
| Villagers / military | 55 / 12 |
Focus
⚔️ 30.7% · 🌾 69.3%
Skirmisher ×6 · Petard ×5 · Archer ×1
Feudal
8:52
Castle
20:11
Imperial
—
| APM avg | 43.7 |
| APM peak | 87 |
| eAPM avg | 19.9 |
| Villagers / military | 62 / 15 |
Focus
⚔️ 30.1% · 🌾 69.9%
Archer ×14 · Unknown (2550) ×5 · Monk ×1
Match map
Initial resources + every placement click. Lines = walls · curves = elevation contours. ◆ gold · ⬟ stone · ● berries · ✦ relic · ◌ wall gap
Your base· ✓ Closed at 20:26 · 34t walls · 6 gate(s)
Ode's base· ✓ Closed at 20:11 · 10t walls · 2 gate(s) · fragile
Smoothed initial terrain · ◌ = detected wall gap · hover for details
Inputs per minute
— Hemingway - - Ode
Build order — Hemingway
144 actions detected in the replay
| 0:02 | Build | House |
| 0:05 | Queue | Villager (Male) |
| 0:06 | Queue | Villager (Male) |
| 0:06 | Queue | Villager (Male) |
| 0:29 | Queue | Villager (Male) |
| 1:33 | Queue | Villager (Male) |
| 1:33 | Queue | Villager (Male) |
| 2:10 | Queue | Villager (Male) |
| 2:10 | Queue | Villager (Male) |
| 2:29 | Queue | Villager (Male) |
| 2:53 | Queue | Villager (Male) |
| 2:59 | Queue | Villager (Male) |
| 3:00 | Queue | Villager (Male) |
| 3:27 | Build | Settlement |
| 4:14 | Queue | Villager (Male) |
| 4:14 | Queue | Villager (Male) |
| 4:14 | Queue | Villager (Male) |
| 5:36 | Queue | Villager (Male) |
| 5:37 | Queue | Villager (Male) |
| 5:37 | Queue | Villager (Male) |
| 6:14 | Research | Feudal Age |
| 6:38 | Research | Loom |
| 7:26 | Queue | Villager (Male) |
| 7:27 | Queue | Villager (Male) |
| 8:04 | Queue | Villager (Male) |
| 8:24 | Age | Feudal Age |
| 8:35 | Research | Double-Bit Axe |
| 8:43 | Build | Watch Tower |
| 8:48 | Build | Palisade Wall |
| 8:49 | Build | Palisade Wall |
| 8:52 | Build | Palisade Wall |
| 8:55 | Build | Palisade Wall |
| 8:57 | Build | Palisade Wall |
| 9:00 | Build | Palisade Wall |
| 9:02 | Queue | Villager (Male) |
| 9:05 | Build | Palisade Wall |
| 9:08 | Build | Palisade Wall |
| 9:09 | Queue | Villager (Male) |
| 9:12 | Build | Palisade Wall |
| 9:15 | Build | Palisade Wall |
| 9:16 | Build | Palisade Wall |
| 9:24 | Build | Palisade Wall |
| 9:25 | Build | Palisade Wall |
| 9:26 | Build | Palisade Wall |
| 9:26 | Build | Palisade Wall |
| 9:27 | Build | Palisade Wall |
| 9:27 | Build | Palisade Wall |
| 10:00 | Build | Palisade Wall |
| 10:06 | Build | Palisade Wall |
| 10:22 | Build | Watch Tower |
| 10:26 | Build | Palisade Wall |
| 10:32 | Queue | Villager (Male) |
| 10:39 | Build | Settlement |
| 10:52 | Queue | Villager (Male) |
| 10:57 | Build | Settlement |
| 11:25 | Build | Palisade Gate |
| 11:29 | Build | Palisade Wall |
| 11:32 | Build | Palisade Wall |
| 11:43 | Queue | Villager (Male) |
| 11:49 | Queue | Villager (Male) |
| 11:51 | Build | Blacksmith |
| 12:41 | Build | Palisade Wall |
| 12:44 | Build | Palisade Wall |
| 12:45 | Build | Palisade Wall |
| 12:46 | Build | Palisade Wall |
| 12:46 | Queue | Villager (Male) |
| 12:46 | Queue | Villager (Male) |
| 13:09 | Build | Palisade Wall |
| 13:10 | Queue | Villager (Male) |
| 13:17 | Build | Market |
| 13:32 | Queue | Villager (Male) |
| 14:10 | Build | Palisade Wall |
| 14:14 | Queue | Villager (Male) |
| 14:35 | Build | Farm |
| 14:35 | Build | Farm |
| 14:35 | Build | Farm |
| 14:48 | Queue | Villager (Male) |
| 14:51 | Build | Farm |
| 15:12 | Queue | Villager (Male) |
| 15:17 | Queue | Villager (Male) |
| 15:22 | Build | Farm |
| 15:23 | Build | Farm |
| 15:31 | Queue | Villager (Male) |
| 16:04 | Queue | Villager (Male) |
| 16:09 | Build | Farm |
| 16:11 | Build | Farm |
| 16:22 | Queue | Villager (Male) |
| 16:41 | Build | Farm |
| 16:55 | Queue | Villager (Male) |
| 17:04 | Build | Farm |
| 17:38 | Research | Castle Age |
| 18:29 | Build | Barracks |
| 18:39 | Research | Horse Collar |
| 19:25 | Build | Archery Range |
| 19:37 | Research | Fletching |
| 20:00 | Queue | Archer |
| 20:26 | Age | Castle Age |
| 20:30 | Research | Bodkin Arrow |
| 20:33 | Research | Bow Saw |
| 20:41 | Queue | Petard |
| 20:45 | Queue | Villager (Male) |
| 21:15 | Queue | Petard |
| 21:16 | Queue | Villager (Male) |
| 21:18 | Research | Wheelbarrow |
| 21:21 | Build | Farm |
| 21:23 | Build | Farm |
| 21:23 | Build | Farm |
| 21:44 | Queue | Villager (Male) |
| 22:00 | Build | Town Center |
| 22:03 | Queue | Villager (Male) |
| 22:12 | Queue | Villager (Male) |
| 22:22 | Queue | Villager (Male) |
| 22:29 | Queue | Petard |
| 22:29 | Queue | Petard |
| 22:54 | Queue | Petard |
| 23:09 | Build | Settlement |
| 23:12 | Queue | Villager (Male) |
| 23:20 | Queue | Villager (Male) |
| 23:25 | Research | Heavy Plow |
| 23:30 | Build | Archery Range |
| 23:47 | Queue | Villager (Male) |
| 24:00 | Queue | Villager (Male) |
| 24:04 | Research | Hand Cart |
| 24:15 | Research | Town Watch |
| 24:24 | Queue | Skirmisher |
| 24:34 | Queue | Villager (Male) |
| 24:52 | Research | Padded Archer Armor |
| 24:55 | Research | Elite Skirmisher (upgrade) |
| 25:02 | Build | Farm |
| 25:02 | Build | Farm |
| 25:04 | Queue | Villager (Male) |
| 25:17 | Queue | Villager (Male) |
| 25:20 | Build | Farm |
| 25:34 | Queue | Skirmisher |
| 25:40 | Queue | Villager (Male) |
| 25:44 | Build | Farm |
| 25:49 | Queue | Skirmisher |
| 25:49 | Queue | Skirmisher |
| 26:02 | Build | Archery Range |
| 26:05 | Queue | Skirmisher |
| 26:11 | Queue | Villager (Male) |
| 26:12 | Queue | Villager (Male) |
| 26:27 | Research | Leather Archer Armor |
| 26:31 | Queue | Skirmisher |
Build order — Ode
First 150 of 171 actions detected
| 0:00 | Queue | Villager (Male) |
| 0:00 | Queue | Villager (Male) |
| 0:01 | Queue | Villager (Male) |
| 0:01 | Queue | Villager (Male) |
| 0:02 | Build | House |
| 0:04 | Build | House |
| 1:28 | Queue | Villager (Male) |
| 1:38 | Queue | Villager (Male) |
| 1:55 | Build | Settlement |
| 2:12 | Queue | Villager (Male) |
| 2:40 | Queue | Villager (Male) |
| 3:01 | Queue | Villager (Male) |
| 3:31 | Queue | Villager (Male) |
| 4:12 | Queue | Villager (Male) |
| 4:21 | Build | Settlement |
| 4:24 | Queue | Villager (Male) |
| 4:26 | Queue | Villager (Male) |
| 4:29 | Queue | Villager (Male) |
| 4:51 | Queue | Villager (Male) |
| 5:02 | Queue | Villager (Male) |
| 5:20 | Queue | Villager (Male) |
| 6:16 | Queue | Villager (Male) |
| 6:21 | Build | Barracks |
| 6:40 | Research | Feudal Age |
| 6:42 | Research | Loom |
| 7:05 | Build | Settlement |
| 7:24 | Queue | Unit 2550 |
| 7:57 | Queue | Unit 2550 |
| 8:17 | Build | Palisade Wall |
| 8:52 | Age | Feudal Age |
| 8:54 | Build | Watch Tower |
| 9:07 | Research | Tech 1402 |
| 9:18 | Queue | Villager (Male) |
| 9:35 | Build | Blacksmith |
| 9:39 | Build | Stone Wall |
| 9:46 | Queue | Villager (Male) |
| 9:56 | Queue | Villager (Male) |
| 10:03 | Queue | Villager (Male) |
| 10:14 | Queue | Unit 2550 |
| 10:19 | Research | Double-Bit Axe |
| 10:21 | Queue | Villager (Male) |
| 10:26 | Build | Farm |
| 10:28 | Build | Farm |
| 10:55 | Queue | Villager (Male) |
| 11:12 | Build | Farm |
| 11:14 | Queue | Villager (Male) |
| 11:42 | Research | Scale Mail Armor |
| 11:53 | Build | Watch Tower |
| 11:56 | Queue | Villager (Male) |
| 12:01 | Build | Farm |
| 12:24 | Queue | Villager (Male) |
| 12:27 | Build | Farm |
| 12:38 | Queue | Villager (Male) |
| 12:50 | Build | Farm |
| 12:51 | Queue | Villager (Male) |
| 13:01 | Build | House |
| 13:10 | Queue | Unit 2550 |
| 13:14 | Build | Farm |
| 13:39 | Queue | Unit 2550 |
| 13:45 | Research | Fletching |
| 13:48 | Queue | Villager (Male) |
| 13:54 | Build | Farm |
| 13:56 | Build | Farm |
| 14:08 | Queue | Villager (Male) |
| 14:28 | Build | Farm |
| 14:29 | Build | Farm |
| 14:39 | Queue | Villager (Male) |
| 14:42 | Queue | Villager (Male) |
| 14:46 | Build | House |
| 14:51 | Build | House |
| 14:58 | Build | Market |
| 15:11 | Queue | Villager (Male) |
| 15:14 | Build | Farm |
| 15:32 | Build | Farm |
| 15:46 | Queue | Villager (Male) |
| 16:15 | Queue | Villager (Male) |
| 16:22 | Build | Settlement |
| 16:25 | Build | Farm |
| 16:33 | Build | House |
| 16:34 | Build | House |
| 16:35 | Build | Palisade Wall |
| 16:47 | Queue | Villager (Male) |
| 17:31 | Research | Castle Age |
| 18:12 | Build | Archery Range |
| 18:15 | Build | House |
| 18:46 | Build | Archery Range |
| 19:01 | Queue | Villager (Male) |
| 19:09 | Queue | Archer |
| 19:10 | Queue | Archer |
| 19:13 | Research | Horse Collar |
| 19:35 | Build | Archery Range |
| 19:47 | Build | Outpost |
| 20:11 | Age | Castle Age |
| 20:13 | Build | Town Center |
| 20:17 | Queue | Archer |
| 20:17 | Queue | Archer |
| 20:21 | Queue | Villager (Male) |
| 20:22 | Research | Bow Saw |
| 20:23 | Research | Heavy Plow |
| 20:27 | Queue | Villager (Male) |
| 20:43 | Build | Settlement |
| 20:45 | Queue | Villager (Male) |
| 20:50 | Research | Crossbowman (upgrade) |
| 20:52 | Queue | Villager (Male) |
| 20:59 | Build | Outpost |
| 21:03 | Build | Outpost |
| 21:07 | Queue | Villager (Male) |
| 21:15 | Queue | Archer |
| 21:27 | Build | Outpost |
| 21:36 | Queue | Villager (Male) |
| 21:37 | Queue | Villager (Male) |
| 21:41 | Queue | Archer |
| 21:58 | Queue | Archer |
| 22:07 | Build | Farm |
| 22:10 | Build | Farm |
| 22:15 | Queue | Archer |
| 22:15 | Queue | Archer |
| 22:19 | Build | Outpost |
| 22:23 | Build | Outpost |
| 22:32 | Queue | Villager (Male) |
| 22:32 | Queue | Villager (Male) |
| 22:38 | Queue | Villager (Male) |
| 22:41 | Build | Farm |
| 22:43 | Build | Farm |
| 22:58 | Build | Outpost |
| 23:00 | Build | Outpost |
| 23:02 | Queue | Villager (Male) |
| 23:03 | Queue | Villager (Male) |
| 23:03 | Queue | Villager (Male) |
| 23:08 | Research | Bodkin Arrow |
| 23:13 | Build | Farm |
| 23:18 | Build | Farm |
| 23:20 | Build | Farm |
| 23:37 | Build | Farm |
| 23:39 | Build | Farm |
| 23:41 | Queue | Villager (Male) |
| 23:41 | Queue | Villager (Male) |
| 23:41 | Queue | Villager (Male) |
| 23:50 | Build | Outpost |
| 23:51 | Build | Outpost |
| 23:52 | Queue | Villager (Male) |
| 23:59 | Queue | Archer |
| 23:59 | Queue | Archer |
| 24:04 | Build | Farm |
| 24:15 | Research | Town Watch |
| 24:30 | Build | Farm |
| 24:32 | Build | Farm |
| 24:32 | Queue | Villager (Male) |
| 24:56 | Queue | Villager (Male) |
| 25:07 | Build | House |
Match timeline
| 6:21 | Ode · first_building Barracks |
| 8:17 | Ode · wall_segment Palisade Wall x5 |
| 8:24 | Hemingway · age_up feudal |
| 8:48 | Hemingway · wall_segment Palisade Wall x1 |
| 8:49 | Hemingway · wall_segment Palisade Wall x1 |
| 8:52 | Ode · age_up feudal |
| 8:52 | Hemingway · wall_segment Palisade Wall x1 |
| 8:55 | Hemingway · wall_segment Palisade Wall x1 |
| 8:57 | Hemingway · wall_segment Palisade Wall x1 |
| 9:00 | Hemingway · wall_segment Palisade Wall x1 |
| 9:05 | Hemingway · wall_segment Palisade Wall x1 |
| 9:08 | Hemingway · wall_segment Palisade Wall x1 |
| 9:12 | Hemingway · wall_segment Palisade Wall x1 |
| 9:15 | Hemingway · wall_segment Palisade Wall x1 |
| 9:16 | Hemingway · wall_segment Palisade Wall x5 |
| 9:24 | Hemingway · wall_segment Palisade Wall x1 |
| 9:25 | Hemingway · wall_segment Palisade Wall x1 |
| 9:26 | Hemingway · wall_segment Palisade Wall x1 |
| 9:26 | Hemingway · wall_segment Palisade Wall x1 |
| 9:27 | Hemingway · wall_segment Palisade Wall x1 |
| 9:27 | Hemingway · wall_segment Palisade Wall x1 |
| 9:39 | Ode · wall_segment Stone Wall x4 |
| 10:00 | Hemingway · wall_segment Palisade Wall x1 |
| 10:06 | Hemingway · wall_segment Palisade Wall x1 |
| 10:26 | Hemingway · wall_segment Palisade Wall x1 |
| 11:29 | Hemingway · wall_segment Palisade Wall x1 |
| 11:32 | Hemingway · wall_segment Palisade Wall x1 |
| 12:41 | Hemingway · wall_segment Palisade Wall x1 |
| 12:44 | Hemingway · wall_segment Palisade Wall x1 |
| 12:45 | Hemingway · wall_segment Palisade Wall x1 |
| 12:46 | Hemingway · wall_segment Palisade Wall x4 |
| 13:09 | Hemingway · wall_segment Palisade Wall x3 |
| 14:10 | Hemingway · wall_segment Palisade Wall x1 |
| 14:58 | Hemingway · first_market_buy 100 food |
| 14:59 | Hemingway · first_market_sell 500 stone |
| 16:30 | Ode · first_market_buy 100 food |
| 16:35 | Ode · wall_segment Palisade Wall x1 |
| 16:56 | Ode · first_market_sell 100 stone |
| 18:12 | Ode · first_building Archery Range |
| 18:29 | Hemingway · first_building Barracks |
| 19:25 | Hemingway · first_building Archery Range |
| 20:11 | Ode · age_up castle |
| 20:26 | Hemingway · age_up castle |
| 25:32 | Ode · first_building Monastery |
| 26:36 | Hemingway · resign |
[ AI ANALYSIS · 1 CREDIT ]
What really happened in this match?
Wolo.gg analyzes every decision: build order, eco, micro, common mistakes by bracket. Personalized analysis on WhatsApp or Discord in 30 seconds.
Civ guide
Incas
Perfil
Jugador #19335431